 Dungeon Crawl Stone Soup version 0.31-a0-200-gbc41564c69 (webtiles) character file.

Game seed: 14376864687774922780

61 qw the Shooter (level 3, 0/20 HPs)
             Began as a Deep Elf Hunter on June 25, 2023.
             Killed by nerve-wracking pain
             ... invoked by an orc priest
              (7 damage)
             ... on level 2 of the Dungeon.
             The game lasted 00:00:34 (1702 turns).

qw the Shooter (Deep Elf Hunter)                    Turns: 1702, Time: 00:00:34

Health: 0/20       AC:  9    Str: 10    XL:     3   Next: 83%
Magic:  5/5        EV: 11    Int: 13    God:
Gold:   82         SH:  0    Dex: 18    Spells: 2/2 levels left

rFire   . . .        Y - +2 shortbow
rCold   . . .        (shield currently unavailable)
rNeg    . . .        f - +1 ring mail
rPois   .            (no helmet)
rElec   .            (no cloak)
rCorr   .            (no gloves)
SInv    .            e - +2 pair of boots
Will    .....        (no amulet)
Stlth   +            (no ring)
HPRegen 0.23/turn    (no ring)
MPRegen 0.09/turn

%: no passive effects
@: no status effects
A: no striking features
a: no special abilities


You were on level 2 of the Dungeon.
You visited 1 branch of the dungeon, and saw 3 of its levels.

You collected 82 gold pieces.


   Skills:
 - Level 1.5 Fighting
 + Level 7.3 Ranged Weapons
 - Level 2.4 Dodging
 - Level 1.2 Stealth


You had 2 spell levels left.
You didn't know any spells.
Your spell library was empty.

Inventory:

Hand Weapons
 Y - a +2 shortbow (weapon)
Armour
 e - a +2 pair of boots (worn)
 f - a +1 ring mail (worn)
Potions
 a - a potion of haste {unknown}
 d - a potion of berserk rage {unknown}

Dungeon Overview and Level Annotations

Branches:
Dungeon (3/15)

Altars:

Shops:
D:1 (

Annotations:
D:1 2 transporters


Message History

(D) Dungeon
Where to? (* - list waypoints, Enter - D:3, ? - help)
What level of the Dungeon? (default 1, ? - help)
You climb downwards.
You hear the sound of rushing water.
There is an entrance to a sewer on this level.
Hurry and find it before the portal rusts away!
The endoplasm quivers.
The orc barely misses you. The jackal misses you.
The orc hits you but does no damage.
The jackal bites you but does no damage.
The orc hits you but does no damage.
There is a stone staircase leading up here.
You shoot an arrow. The arrow barely misses the orc.
The jackal closely misses you. The orc hits you with a +0 hand axe.
The orc closely misses you.
You shoot an arrow. The arrow hits the orc.
The orc is moderately wounded.
The jackal bites you. The orc hits you but does no damage.
The orc barely misses you. The orc hits you but does no damage.
The jackal closely misses you.
1699 ||| STAIRDANCE The jackal barely misses you.
The orc barely misses you. The orc priest closely misses you.
The orc hits you but does no damage. The orc barely misses you.
The jackal barely misses you.
You climb upwards.
There is a stone staircase leading down here.
You shoot an arrow. The arrow barely misses the orc.
The orc hits you but does no damage. The orc completely misses you.
The orc hits you but does no damage.
The orc priest begins to cast a cantrip, but forgets the words!
The jackal bites you.
You shoot an arrow. The arrow hits the orc.
The orc is almost dead.
The jackal bites you. The orc hits you with a +0 whip.
The orc hits you with a +0 dagger. The orc closely misses you.
The orc priest barely misses you. The jackal misses you.
The orc barely misses you.
The orc priest invokes the aid of Beogh against you.
Pain shoots through your body!
You die...

.................#....#.#
#.#.#
.................####.#.#
#.#.#
.................#....#.#
#.#.#
...........#+#+#.#.##.#.#
#.#.#
####...........<.#.##.#.#
#.#.#
...#.............#.##.#.#
#.#.#
.................#.##.#.#
#.#.#
...............oh#.##.#.#
#.#.#
...............o@#.##.#.#
#.#.#
........[......oo#.##.#.#
#.#.#
.............#'#.#.##.#.#
#.#.#
#............#.#....#.#.#
#.#.#
######.#####.#.######.#.#
#.#.# #.# #.#.# ####!#.#
#.#.# #.#####.#.#
#....#.###.#.#
#.....#.#.#
#.####.#...#.#
#####.#.#.# #.# #.#.###.#


You could see an orc priest, 3 orcs and a jackal.

Vanquished Creatures
  A gnoll (D:1)
  A worm (D:2)
  A ball python (D:1)
  6 endoplasms
  A giant cockroach (D:2)
  6 goblins
  2 hobgoblins
  5 jackals
  7 kobolds
  4 quokkas
  2 bats
  A frilled lizard (D:1)
  6 rats
43 creatures vanquished.

Notes
Turn   | Place    | Note
-------+----------+-------------------------------------------
     0 | D:1      | qw the Deep Elf Hunter began the quest for the Orb.
     0 | D:1      | Reached XP level 1. HP: 12/12 MP: 3/3
     0 | D:1      | 0 ||| qw: Version: 0.3-a-22-g0ed2b0b
     0 | D:1      | 0 ||| qw: Game counter: 5618
     0 | D:1      | 0 ||| qw: Melee chars always use a shield: true
     0 | D:1      | 0 ||| qw: God list: Okawaru
     0 | D:1      | 0 ||| qw: Allow faded altars: false
     0 | D:1      | 0 ||| qw: Do Orc after clearing Dungeon:15 true
     0 | D:1      | 0 ||| qw: Do second Lair branch before Depths: true
     0 | D:1      | 0 ||| qw: Lair rune preference: random
     0 | D:1      | 0 ||| qw: Goals: Normal
     0 | D:1      | 0 ||| PLANNING D:1-11
   129 | D:1      | Reached skill level 6 in Ranged Weapons
   129 | D:1      | Reached XP level 2. HP: 16/16 MP: 4/4
   325 | D:1      | Reached XP level 3. HP: 20/20 MP: 5/5
   427 | D:1      | Found Vud Fism's Antique Weapon Shop.
   800 | D:1      | 800 ||| UPGRADING to +0 ring mail.
   810 | D:1      | 810 ||| DROPPING +0 leather armour.
   811 | D:1      | 811 ||| READING 2 scrolls labelled DUWNANWORAMI.
   812 | D:1      | 812 ||| READING scroll of enchant weapon.
   812 | D:1      | 812 ||| ENCHANTING +1 shortbow.
   813 | D:1      | 813 ||| READING 2 scrolls labelled YKKUZAMMITYLE.
   814 | D:1      | 814 ||| READING scroll labelled RARCHA QYBLEMOM.
   815 | D:1      | 815 ||| READING scroll labelled GIZUDU IMOENIGH.
   816 | D:1      | 816 ||| DROPPING scroll of butterflies.
   817 | D:1      | 817 ||| DROPPING scroll of immolation.
   819 | D:1      | 819 ||| Stepping ~*~*~tactically~*~*~ (cloud).
   912 | D:2      | Reached skill level 7 in Ranged Weapons
  1628 | D:2      | 1628 ||| UPGRADING to +2 pair of boots.
  1633 | D:2      | 1633 ||| READING 2 scrolls labelled WORRUZ HI XIDO.
  1634 | D:2      | 1634 ||| READING 2 scrolls labelled BEFOABBYMOD.
  1635 | D:2      | 1635 ||| READING scroll of enchant armour.
  1635 | D:2      | 1635 ||| ENCHANTING +0 ring mail.
  1636 | D:2      | 1636 ||| DRINKING 2 amethyst potions.
  1637 | D:2      | 1637 ||| DROPPING scroll of noise.
  1638 | D:2      | 1638 ||| DROPPING potion of attraction.
  1665 | D:3      | 1665 ||| PLANNING SEWER
  1669 | D:3      | 1669 ||| STAIRDANCE
  1699 | D:3      | 1699 ||| STAIRDANCE
  1702 | D:2      | Killed from afar by an orc priest

Levels and vault maps discovered:
D:1:      spicycebolla_arrival_transporter_tutorial, layout_basic, serial_shops,
          shop, nicolae_eternal_life, nicolae_grassy_gnolls
D:2:      layout_basic
D:3:      minmay_door_path, layout_loops_ring, marbit_many_paths,
          kennysheep_ying_yang, mainiacjoe_overflow_concentric_impassable,
          cheibrodos_sewer_entry_drain, minivault_5, uniq_natasha, uniq_ijyb,
          uniq_jessica

Skill      XL: |  1  2  3 |
---------------+----------+-----
Ranged Weapons | 6 7 |  7.3
Fighting       | |  1.5
Dodging        | |  2.4
Stealth        | |  1.2

Action                     || total
---------------------------++-------
   Fire: Shortbow          ||   110
    Use: Scroll            ||     8
         Potion            ||     1
 Armour: Leather armour    ||     2
         Ring mail         ||    16
  Dodge: Dodged            ||    31

Table legend:
 A = Non-vault XP
 B = Vault XP
 C = Vault XP percentage of total XP
 D = Non-vault monster count
 E = Vault monster count
 F = Vault count percentage of total count
                 A         B        C        D         E       F
            +---------+---------+-------+---------+---------+-------
      Total |      74 |      14 |  15.9 |      42 |       1 |   2.3
            +---------+---------+-------+---------+---------+-------
        D:1 |      44 |      14 |  24.1 |      26 |       1 |   3.7
        D:2 |      28 |       0 |   0.0 |      15 |       0 |   0.0
        D:3 |       2 |       0 |   0.0 |       1 |       0 |   0.0
            +---------+---------+-------+---------+---------+-------
